 Dungeon Crawl Stone Soup version 0.25-a0-503-ge281fa673e (webtiles) character file.

Game seed: 10944755048918759121, levelgen mode: deterministic

287 RedPan the Fighter (level 6, 0/57 HPs)
             Began as a Gnoll Wanderer on Feb 13, 2020.
             Killed by divine providence
             ... invoked by an orc priest
              (7 damage)
             ... on level 3 of the Dungeon.
             The game lasted 00:08:58 (2028 turns).

RedPan the Fighter (Gnoll Wanderer)                 Turns: 2028, Time: 00:08:59

Health: 0/57       AC: 11    Str: 14    XL:     6   Next: 30%
Magic:  17/17      EV: 10    Int: 18    God:
Gold:   115        SH:  0    Dex: 13    Spells: 8/8 levels left

rFire    . . .     SeeInvis .   m - +0 hand axe
rCold    . . .     Gourm    .   (no shield)
rNeg     . . .     Faith    .   b - +2 scale mail
rPois    .         Spirit   .   (no helmet)
rElec    .         Reflect  .   (no cloak)
rCorr    .         Harm     .   k - +2 pair of gloves
MR       .....                  (no boots)
Stlth    +.........             h - amulet of rage
HPRegen  0.19/turn              e - ring of magical power
MPRegen  0.15/turn              (no ring)

@: drained
A: distributed training, fangs 1, strong nose
a: Evoke Berserk Rage


You were on level 3 of the Dungeon.
You were not hungry.

You visited 1 branch of the dungeon, and saw 3 of its levels.

You collected 115 gold pieces.

Inventory:

Hand Weapons
 a - a +0 shortbow
 m - a +0 hand axe (weapon)
Missiles
 c - 21 arrows
Armour
 b - a +2 scale mail (worn)
 k - a +2 pair of gloves (worn)
Jewellery
 e - a ring of magical power (left hand)
 h - an amulet of rage (around neck)
Scrolls
 g - a scroll of remove curse
 o - 2 scrolls of enchant armour
Potions
 d - a potion of lignification
 i - a potion of magic
 j - a potion of might
Comestibles
 f - 7 rations
 p - 5 chunks of flesh


   Skills:
 + Level 8.7(7.5) Fighting
 + Level 1.8(0.9) Short Blades
 + Level 1.8(0.9) Long Blades
 + Level 4.9(3.9) Axes
 + Level 1.8(0.9) Maces & Flails
 + Level 1.8(0.9) Polearms
 + Level 1.8(0.9) Staves
 + Level 1.8(0.9) Slings
 + Level 1.8(0.9) Bows
 + Level 1.8(0.9) Crossbows
 + Level 1.8(0.9) Throwing
 + Level 3.2(2.1) Armour
 + Level 3.2(2.1) Dodging
 + Level 3.0(2.0) Stealth
 + Level 1.8(0.9) Shields
 + Level 1.8(0.9) Unarmed Combat
 + Level 1.8(0.9) Spellcasting
 + Level 1.4(0.5) Conjurations
 + Level 1.4(0.5) Hexes
 + Level 1.4(0.5) Charms
 + Level 1.4(0.5) Summonings
 + Level 1.4(0.5) Necromancy
 + Level 1.4(0.5) Translocations
 + Level 1.4(0.5) Transmutations
 + Level 1.4(0.5) Fire Magic
 + Level 1.4(0.5) Ice Magic
 + Level 1.4(0.5) Air Magic
 + Level 1.4(0.5) Earth Magic
 + Level 1.4(0.5) Poison Magic
 + Level 2.0(1.1) Invocations
 + Level 3.2(2.1) Evocations


You had 8 spell levels left.
You didn't know any spells.
Your spell library was empty.

Dungeon Overview and Level Annotations

Branches:
Dungeon (3/15)

Altars:
Nemelex Xobeh
Ru


Innate Abilities, Weirdness & Mutations

Your experience applies equally to all skills.
You have very sharp teeth.
Your uncanny sense of smell can sniff out nearby items.


Message History

You bite the orc priest, but do no damage.
The orc priest is almost dead.
The orc priest hits you but does no damage.
You hit the orc priest but do no damage.
You bite the orc priest, but do no damage.
The orc priest is almost dead.
The orc priest casts a cantrip, but nothing happens.
You completely miss the orc priest. Your bite misses the orc priest.
The orc priest is almost dead.
The orc priest hits you with a +0 dagger of protection.
* * * LOW HITPOINT WARNING * * *
You closely miss the orc priest.
The orc priest is almost dead.
The orc priest hits you but does no damage.
Okay, then.
You hit the orc priest but do no damage.
The orc priest is almost dead.
The orc priest invokes the aid of Beogh against you.
Beogh smites you!
You die...

#########................###.##..
...........######..........#.#...
.#.....# ## #.#....#.......#
..##...### ####...####...<.###
...#.#...#####...o..# ####.##
#.(...............#.# #รทรท#
###)...........####.##..>....#
##.)..##.......###..##.......#
............##.)@o.#.........#
.###.....########....#.......#
##.....### #...............<.#
##.#.....# #.####.####.......#
#........###.# #.# #.......#
#..##........# ... ....
#..##....##### .... ...
#.###....# .....# ..# ######
......


You could see an orc priest.

Vanquished Creatures
  Sigmund (D:2)
  An orc wizard (D:2)
  4 adders
  3 leopard geckos
  8 orcs
  A ball python (D:1)
  4 giant cockroaches
  5 goblins
  4 hobgoblins
  6 jackals
  A quokka (D:2)
  7 bats
  7 frilled lizards
  9 kobolds
  5 rats
66 creatures vanquished.

Notes
Turn   | Place    | Note
-------+----------+-------------------------------------------
     0 | D:1      | RedPan the Gnoll Wanderer began the quest for the Orb.
     0 | D:1      | RedPan set off with the following items: a +0 shortbow, a
                  | +2 scale mail, 24 arrows, a potion of lignification, a
                  | ration
     0 | D:1      | Reached XP level 1. HP: 26/26 MP: 2/2
    95 | D:1      | Reached XP level 2. HP: 30/33 MP: 3/3
   618 | D:2      | Reached XP level 3. HP: 38/38 MP: 4/4
   740 | D:2      | Reached skill level 1 in Invocations
   881 | D:2      | Found a sparkling altar of Nemelex Xobeh.
  1080 | D:2      | Found a sacrificial altar of Ru.
  1087 | D:2      | Noticed Sigmund
  1104 | D:2      | Reached skill level 1 in Short Blades
  1104 | D:2      | Reached skill level 1 in Long Blades
  1104 | D:2      | Reached skill level 1 in Maces & Flails
  1104 | D:2      | Reached skill level 1 in Polearms
  1104 | D:2      | Reached skill level 1 in Staves
  1104 | D:2      | Reached skill level 1 in Slings
  1104 | D:2      | Reached skill level 1 in Bows
  1104 | D:2      | Reached skill level 1 in Crossbows
  1104 | D:2      | Reached skill level 1 in Throwing
  1104 | D:2      | Reached skill level 1 in Shields
  1104 | D:2      | Reached skill level 1 in Unarmed Combat
  1104 | D:2      | Reached skill level 1 in Spellcasting
  1127 | D:2      | Killed Sigmund
  1127 | D:2      | Reached skill level 1 in Conjurations
  1127 | D:2      | Reached skill level 1 in Hexes
  1127 | D:2      | Reached skill level 1 in Charms
  1127 | D:2      | Reached skill level 1 in Summonings
  1127 | D:2      | Reached skill level 1 in Necromancy
  1127 | D:2      | Reached skill level 1 in Translocations
  1127 | D:2      | Reached skill level 1 in Transmutations
  1127 | D:2      | Reached skill level 1 in Fire Magic
  1127 | D:2      | Reached skill level 1 in Ice Magic
  1127 | D:2      | Reached skill level 1 in Air Magic
  1127 | D:2      | Reached skill level 1 in Earth Magic
  1127 | D:2      | Reached skill level 1 in Poison Magic
  1127 | D:2      | Reached XP level 4. HP: 35/45 MP: 6/6
  1127 | D:2      | Reached XP level 5. HP: 39/51 MP: 7/7
  1132 | D:2      | Reached XP level 6. HP: 43/57 MP: 8/8
  2028 | D:3      | Killed from afar by an orc priest

Levels and vault maps discovered:
D:1:      dpeg_arrival_court, layout_rooms
D:2:      wander_river, layout_loops_ring, nicolae_ru_great_annihilating_truth,
          nemelex_xobeh_ov_fountains_minmay, uniq_sigmund
D:3:      kennysheep_goblin_castle, layout_rooms, lightli_temple_of_fire,
          first_ration, serial_bayou_pond_e

Skill      XL: |  1  2  3  4  5  6 |
---------------+-------------------+-----
Invocations    | 1 2 |  2.0
Short Blades   | 1 |  1.8
Long Blades    | 1 |  1.8
Maces & Flails | 1 |  1.8
Polearms       | 1 |  1.8
Staves         | 1 |  1.8
Slings         | 1 |  1.8
Bows           | 1 |  1.8
Crossbows      | 1 |  1.8
Throwing       | 1 |  1.8
Shields        | 1 |  1.8
Unarmed Combat | 1 |  1.8
Spellcasting   | 1 |  1.8
Armour         | 3 |  3.2
Dodging        | 3 |  3.2
Conjurations   | 1 |  1.4
Hexes          | 1 |  1.4
Charms         | 1 |  1.4
Summonings     | 1 |  1.4
Necromancy     | 1 |  1.4
Translocations | 1 |  1.4
Transmutations | 1 |  1.4
Fire Magic     | 1 |  1.4
Ice Magic      | 1 |  1.4
Air Magic      | 1 |  1.4
Earth Magic    | 1 |  1.4
Poison Magic   | 1 |  1.4
Evocations     | 3 |  3.2
Stealth        | 3 |  3.0
Fighting       | |  8.7
Axes           | |  4.9

Action                   |  1- 3 |  4- 6 || total
-------------------------+-------+-------++-------
Melee: Club              |    49 |       ||    49
       Whip              |    79 |    90 ||   169
       Bite              |    12 |    16 ||    28
       Hand axe          |       |    50 ||    50
 Fire: Shortbow          |    37 |     2 ||    39
  Use: Scroll            |     5 |     2 ||     7
       Potion            |     4 |       ||     4
 Stab: Paralysed         |       |     2 ||     2
  Eat: Chunk             |     1 |     3 ||     4
Armor: Scale mail        |   113 |    81 ||   194
Dodge: Dodged            |   118 |    72 ||   190

Table legend:
 A = Non-vault XP
 B = Vault XP
 C = Vault XP percentage of total XP
 D = Non-vault monster count
 E = Vault monster count
 F = Vault count percentage of total count
                 A         B        C        D         E       F
            +---------+---------+-------+---------+---------+-------
      Total |     161 |     249 |  60.7 |      61 |       5 |   7.6
            +---------+---------+-------+---------+---------+-------
        D:1 |      31 |       0 |   0.0 |      19 |       0 |   0.0
        D:2 |      99 |     249 |  71.6 |      32 |       5 |  13.5
        D:3 |      31 |       0 |   0.0 |      10 |       0 |   0.0
            +---------+---------+-------+---------+---------+-------
